 Dungeon Crawl Stone Soup version 0.23.2-11-gf996548 (webtiles) character file.

Game seed: 3901702522880127022

45 Fortress the Firebug (level 3, -2/26 HPs)
             Began as a Draconian Fire Elementalist on June 7, 2019.
             Slain by a gnoll
             ... wielding a +0 club
              (4 damage)
             ... on level 2 of the Dungeon.
             The game lasted 00:06:54 (1089 turns).

Fortress the Firebug (Draconian Fire Elementalist)  Turns: 1089, Time: 00:06:55

Health: -2/26      AC:  5    Str: 10    XL:     3   Next: 42%
Magic:  1/6        EV: 12    Int: 16    God:
Gold:   49         SH:  0    Dex: 11    Spells: 6/7 levels left

rFire    . . .     SeeInvis .   e - +0 short sword
rCold    . . .     Gourm    .   (no shield)
rNeg     . . .     Faith    .   (armour unavailable)
rPois    .         Spirit   .   (helmet restricted)
rElec    .         Reflect  .   (no cloak)
rCorr    .         Harm     .   (no gloves)
MR       .....                  (no boots)
Stlth    ++........             (no amulet)
HPRegen  0.08/turn              (no ring)
MPRegen  0.10/turn              (no ring)

@: no status effects
A: unfitting armour, cold-blooded, AC +5
a: no special abilities


You were on level 2 of the Dungeon.
You were not hungry.

You visited 1 branch of the dungeon, and saw 2 of its levels.

You collected 49 gold pieces.

Inventory:

Hand Weapons
 e - a +0 short sword (weapon)
Missiles
 g - 13 stones (quivered)
Jewellery
 c - a +5 amulet of reflection {unknown}
Scrolls
 d - a scroll of remove curse {unknown}
 f - a scroll of fog {unknown}
 h - a scroll of immolation {unknown}
 i - a scroll of identify {unknown}
Potions
 a - 4 potions of curing {unknown}
 j - a potion of brilliance {unknown}
Comestibles
 b - a ration


   Skills:
 - Level 2.0 Dodging
 - Level 1.7 Stealth
 + Level 2.5 Spellcasting
 * Level 1.8 Conjurations
 + Level 3.7 Fire Magic


You had 6 spell levels left.
You knew the following spells:

 Your Spells              Type           Power        Failure   Level  Hunger
a - Flame Tongue          Conj/Fire      ##...        6%          1    #......

Your spell library contained the following spells:

 Spells                   Type           Power        Failure   Level  Hunger
 Throw Flame              Conj/Fire      ##....       10%         2    ##.....
 Conjure Flame            Conj/Fire      ##......     19%         3    ###....
 Inner Flame              Hex/Fire       #.......     28%         3    ###....
 Sticky Flame             Conj/Fire      ##......     54%         4    #####..
 Fireball                 Conj/Fire      ##........   87%         5    ######.


Dungeon Overview and Level Annotations

Branches:
Dungeon (2/15)

Altars:


Innate Abilities, Weirdness & Mutations

Your plain brown scales are hard. (AC +5)
You cannot fit into any form of body armour.
You are cold-blooded and may be slowed by cold attacks.


Message History

Confirm with . or Enter, or press ? or * to list all spells.
Aiming: Flame Tongue (safe; 6% risk of failure)
Press: ? - help, Shift-Dir - straight line, f - gnoll
Aim: a gnoll, wielding a +0 spear The flame tongue hits the gnoll!
The gnoll is severely wounded.
The gnoll hits you from afar with a +0 spear.
* * * LOW HITPOINT WARNING * * *
Casting: Flame Tongue (safe; 6% risk of failure)
Confirm with . or Enter, or press ? or * to list all spells.
Aiming: Flame Tongue (safe; 6% risk of failure)
Press: ? - help, Shift-Dir - straight line, f/p - gnoll
Aim: a gnoll, wielding a +0 spear (severely wounded)
The flame tongue hits the gnoll.
The gnoll is heavily wounded.
The gnoll hits you with a +0 club.
* * * LOW HITPOINT WARNING * * *
The gnoll barely misses you. The gnoll hits you with a +0 club.
You die...

##........ #.........
#......... #.........
#÷....# ######.#######
#<....)......#
#######......#
#.g.g@......#
#g####......# #.#
#......# #g# #......+
#g# #......# ## #.#
#......# #+##.. #.#
#......# ......
##.####......###......
#....g†...............


You could see 3 gnolls.

Vanquished Creatures
  A gnoll (D:2)
  An ooze (D:1)
  A leopard gecko (D:2)
  3 giant cockroaches (D:1)
  4 goblins
  4 hobgoblins (D:1)
  A ball python (D:1)
  4 bats (D:1)
  3 frilled lizards (D:1)
  4 kobolds
  4 rats (D:1)
30 creatures vanquished.

Notes
Turn   | Place    | Note
-------+----------+-------------------------------------------
     0 | D:1      | Fortress the Draconian Fire Elementalist began the quest
                  | for the Orb.
     0 | D:1      | Reached XP level 1. HP: 14/14 MP: 3/3
   194 | D:1      | Reached XP level 2. HP: 15/20 MP: 0/5
   711 | D:1      | Reached XP level 3. HP: 26/26 MP: 3/6
  1076 | D:2      | HP: 1/26 [gnoll/+0 club (4)]
  1089 | D:2      | Slain by a gnoll

Skill      XL: |  1  2 |
---------------+-------+-----
Dodging        | 2 |  2.0
Stealth        | |  1.7
Spellcasting   | |  2.5
Conjurations   | |  1.8
Fire Magic     | |  3.7

Action                   || total
-------------------------++-------
Melee: Unarmed           ||    11
       Tailslap          ||     1
       Short sword       ||     7
 Cast: Flame Tongue      ||    50
  Eat: Chunk             ||     1
Armor: Skin              ||     7
Dodge: Dodged            ||    21
